 Dungeon Crawl Stone Soup version 0.31-a0-210-gccc998df9b (webtiles) character file.

Game seed: 6951158956702281766

3831 AvylaarBelgium the Thaumaturge (level 9, -11/45 HPs)
             Began as a Deep Elf Conjurer on June 30, 2023.
             Was a Follower of Vehumet.
             Engulfed by a cloud of freezing vapour (17 damage)
             ... on level 6 of the Dungeon.
             The game lasted 00:17:59 (6125 turns).

AvylaarBelgium the Thaumaturge (Deep Elf Conjurer)  Turns: 6125, Time: 00:18:00

Health: -11/45     AC:  4    Str:  4    XL:     9   Next: 97%
Magic:  20/26      EV: 12    Int: 34    God:    Vehumet [*.....]
Gold:   181        SH:  0    Dex: 13    Spells: 17/31 levels left

rFire   . . .        w - +2 rapier (flame)
rCold   . . .        (no shield)
rNeg    . . .        a - +0 robe
rPois   .            (no helmet)
rElec   .            D - +0 cloak
rCorr   +            (no gloves)
SInv    .            g - +0 pair of boots
Will    .....        (no amulet)
Stlth   ++           m - +6 ring of intelligence
HPRegen 0.27/turn    A - ring of resist corrosion
MPRegen 0.20/turn

%: clarity
@: no status effects
A: clarity, sense surroundings 1
a: Renounce Religion


You were on level 6 of the Dungeon.
You worshipped Vehumet.
Vehumet was aware of your devotion.
You visited 2 branches of the dungeon, and saw 7 of its levels.

You collected 246 gold pieces.
You spent 65 gold pieces at shops.

Inventory:

Hand Weapons
 t - a +0 whip of freezing
 w - a +2 rapier of flaming (weapon)
 C - a +2 quarterstaff of chaos
Missiles
 e - 24 poisoned darts
 n - a silver boomerang
Armour
 a - a +0 robe (worn)
 g - a +0 pair of boots (worn)
 D - a +0 cloak (worn)
Magical Staves
 q - a staff of death
Jewellery
 m - a +6 ring of intelligence (left hand)
 A - a ring of resist corrosion (right hand)
Wands
 o - a wand of digging (3)
 p - a wand of charming (10)
 r - a wand of roots (13)
 y - a wand of flame (21)
Scrolls
 d - 2 scrolls of amnesia {unknown}
 f - 2 scrolls of noise
 i - a scroll of vulnerability {unknown}
 k - a scroll of silence {unknown}
 s - 2 scrolls of fog
 z - a scroll of torment {unknown}
Potions
 b - 2 potions of magic
 c - 2 potions of heal wounds
 h - a potion of enlightenment
 j - a potion of resistance
 l - a potion of curing
 u - a potion of mutation
 v - 2 potions of lignification
 x - a potion of ambrosia {unknown}
 B - a potion of invisibility {unknown}


   Skills:
 - Level 2.4 Dodging
 - Level 2.4 Stealth
 + Level 11.8 Spellcasting
 + Level 10.6 Conjurations
 - Level 9.2 Hexes


You had 17 spell levels left.
You knew the following spells:

 Your Spells              Type           Power      Damage    Failure   Level
a - Magic Dart            Conj           100%       1d8       1%          1
b - Searing Ray           Conj           100%       2d8       1%          2
c - Fulminant Prism       Conj/Hex       36%        3d17      1%          4
d - Iskenderun's Mystic   Conj/Tloc      54%        2d12      2%          4
e - Dazzling Flash        Conj/Hex       100%       N/A       1%          3

Your spell library contained the following spells:

 Spells                   Type           Power      Damage    Failure   Level
 Foxfire                  Conj/Fire      100%       2x1d9     1%          1
 Manifold Assault         Tloc           20%        N/A       22%         4
 Dispersal                Tloc           10%        N/A       98%         6
 Disjunction              Tloc           10%        N/A       100%        8


Dungeon Overview and Level Annotations

Branches:
Dungeon (6/15)             Temple (1/1) D:4

Altars:
Ashenzari
Cheibriados
Elyvilon
Fedhas
Gozag
Hepliaklqana
Kikubaaqudgha
Okawaru
Qazlal
Ru
Uskayaw
Vehumet
Xom
Yredelemnul
Zin

Shops:
D:3 *

Annotations:
D:3 exclusion: 3 downstairs
D:4 exclusion: 3 downstairs
D:6 1 transporter


Innate Abilities, Weirdness & Mutations

You possess an exceptional clarity of mind.
You passively map a small area around you.


Message History

Confirm with . or Enter, or press ? or * to list all spells.
Aiming: Fulminant Prism (safe; 1% risk of failure)
Press: ? - help, Dir - move target You conjure a prism of explosive energy!
A fulminant prism comes into view.
Your fulminant prism crackles loudly.
Your fulminant prism explodes!
The blast of energy engulfs the ice beast!!
The ice beast is almost dead.
The blast of energy engulfs the ice beast!!
The ice beast is severely wounded.
The blast of energy engulfs the ice beast!!
The ice beast is almost dead.
Casting: Fulminant Prism (safe; 1% risk of failure)
Confirm with . or Enter, or press ? or * to list all spells.
You erupt in a blast of force!
The mystic blast hits the ice beast.
You kill the ice beast!
Vehumet accepts your kill.
The mystic blast hits the ice beast!
You kill the ice beast!
Vehumet accepts your kill.
You feel your power returning.
Unknown command.
Casting: Iskenderun's Mystic Blast (dangerous; 2% risk of failure)
Confirm with . or Enter, or press ? or * to list all spells.
You erupt in a blast of force!
The mystic blast hits the ice beast!
You kill the ice beast!
Vehumet accepts your kill.
You feel your power returning.
Unknown command.
Really walk into a travel-excluded area?
You are engulfed in freezing vapours.
There is an open gate here.
You are engulfed in freezing vapours.
* * * LOW HITPOINT WARNING * * *
You feel much better.
You are engulfed in freezing vapours.
* * * LOW HITPOINT WARNING * * *
Unknown command.
You are engulfed in freezing vapours.
You die...

#.#.##......(...# #
#.......#.......# #
###.##.#........#
#######..........# ####
#○☼○○°########.### ...###
##○°○°.#○○☼☼☼°#.##
.....########°☼○○☼#☼°°°☼.#..# ###
#..#.#......#?$.°○○.#.#○.#..###..
...#.#.#...©#©$.@○☼...©○°#©......
#...........#)$.○○'.#.#☼.#..###.#
#..#.#.#....#☼○°☼○#○○○°○.#### #.#
.....#.#....#°○○°○#.☼○○°○# #.#
######.#....#○☼○☼○########## #.#
# #..)...####### #...# #..
###########.###...# #...# ###
##.....>.#.......## #...# #
#.......#..####.# #####...######


There were no monsters in sight!

Vanquished Creatures
  Pikel (D:5)
  Grinder (D:5)
  Prince Ribbit (D:5)
  Eustachio (D:5)
  Menkaure (D:5)
  A water moccasin (D:5)
  A sky beast (D:4)
  4 ice beasts
  3 black bears
  2 centaurs (D:5)
  6 ogres
  3 phantoms
  2 kobold brigands (D:6)
  4 lemures
  3 scorpions (D:6)
  2 jellies
  3 orc priests
  A gnoll bouda (D:4)
  Crazy Yiuf (D:6)
  Ijyb (D:5)
  3 orc wizards (D:4)
  4 iguanas
  8 gnolls
  9 adders
  2 shadow imps
  2 ufetubi (D:4)
  4 worms
  3 dart slugs
  19 orcs
  6 bats
  9 endoplasms
  3 giant cockroaches
  4 goblins
  6 hobgoblins
  19 kobolds
  10 quokkas
  7 ball pythons
  4 frilled lizards
  2 rats
  A fulminant prism (D:5)
167 creatures vanquished.

Vanquished Creatures (others)
  60 fulminant prisms
60 creatures vanquished.

Grand Total: 227 creatures vanquished

Notes
Turn   | Place    | Note
-------+----------+-------------------------------------------
     0 | D:1      | AvylaarBelgium the Deep Elf Conjurer began the quest for
                  | the Orb.
     0 | D:1      | Reached XP level 1. HP: 10/10 MP: 6/6
   177 | D:1      | Reached XP level 2. HP: 15/15 MP: 0/8
   512 | D:1      | Found a faded altar of an unknown god.
   798 | D:2      | Reached skill level 4 in Spellcasting
   800 | D:2      | Reached XP level 3. HP: 19/19 MP: 5/10
   802 | D:2      | Reached skill level 5 in Conjurations
   964 | D:2      | Found an iron altar of Okawaru.
  1433 | D:3      | Learned a level 2 spell: Searing Ray
  1516 | D:3      | Reached XP level 4. HP: 24/24 MP: 4/12
  1594 | D:3      | Reached skill level 5 in Spellcasting
  1799 | D:3      | Found Affeops's General Store.
  1810 | D:3      | Bought a potion of heal wounds for 65 gold pieces
  1826 | D:3      | Reached XP level 5. HP: 28/28 MP: 8/14
  1978 | D:4      | Noticed an ogre
  2024 | D:4      | Noticed an ogre
  2061 | D:4      | Noticed a phantom
  2155 | D:3      | Learned a level 3 spell: Dazzling Flash
  2160 | D:3      | Learned a level 4 spell: Fulminant Prism
  2165 | D:3      | Learned a level 4 spell: Iskenderun's Mystic Blast
  2171 | D:4      | Killed an ogre
  2172 | D:4      | Reached skill level 6 in Spellcasting
  2172 | D:4      | Reached XP level 6. HP: 32/32 MP: 7/17
  2551 | D:4      | Reached skill level 7 in Spellcasting
  2664 | D:4      | Reached XP level 7. HP: 36/36 MP: 4/19
  2881 | D:4      | Reached skill level 1 in Hexes
  2885 | D:4      | Reached skill level 8 in Spellcasting
  3299 | D:4      | Found a staircase to the Ecumenical Temple.
  3308 | Temple   | Entered the Ecumenical Temple
  3448 | Temple   | Became a worshipper of Vehumet
  3565 | D:5      | Entered Level 5 of the Dungeon
  3566 | D:5      | Noticed Ijyb
  3569 | D:5      | Noticed Prince Ribbit
  3571 | D:5      | Killed Ijyb
  3572 | D:5      | Noticed Eustachio
  3699 | D:5      | Noticed Pikel
  3702 | D:5      | Noticed Grinder
  3790 | D:5      | Noticed Menkaure
  3793 | D:5      | Killed Menkaure
  3794 | D:5      | Reached XP level 8. HP: 40/41 MP: 1/22
  3942 | D:5      | Reached skill level 5 in Hexes
  3972 | D:4      | Reached skill level 9 in Spellcasting
  4364 | D:5      | Paralysed by Grinder for 5 turns
  4522 | D:5      | Killed Eustachio
  4651 | D:5      | Killed Pikel
  4652 | D:5      | Reached XP level 9. HP: 45/45 MP: 12/24
  4755 | D:5      | Killed Grinder
  4756 | D:5      | Reached skill level 10 in Spellcasting
  4758 | D:5      | Killed Prince Ribbit
  5208 | D:6      | Found a transporter.
  5388 | D:6      | Reached * piety under Vehumet
  5388 | D:6      | Offered knowledge of Foxfire by Vehumet.
  5673 | D:6      | Reached skill level 10 in Conjurations
  5691 | D:6      | Reached skill level 11 in Spellcasting
  5832 | D:6      | Found a transporter.
  5888 | D:6      | Found a runed translucent door.
  5889 | D:6      | Noticed Crazy Yiuf
  5894 | D:6      | Killed Crazy Yiuf
  5910 | D:6      | Gained mutation: You passively map a small area around you.
                  | [potion of mutation]
  5910 | D:6      | Gained mutation: You possess an exceptional clarity of
                  | mind. [potion of mutation]
  6125 | D:6      | Engulfed by a cloud of freezing vapour

Illustrated notes

Levels and vault maps discovered:
D:1:      dpeg_arrival_rhombus, layout_loops_ring,
          shapermc_ecumenical_altar_notcrosses
D:2:      layout_rooms, basic_altar, hex_medium
D:3:      layout_basic, serial_shops, nicolae_shop_gibbet_a_chance
D:4:      layout_cave_pools, minmay_temple_entry_large_hall
D:5:      layout_rooms, uniq_eustachio, uniq_ijyb, uniq_prince_ribbit1,
          uniq_pikel, uniq_menkaure, uniq_grinder
D:6:      gammafunk_cloud_chamber, layout_loops_cross, uniq_crazy_yiuf_cottage
Temple:   mainiacjoe_temple_circle_huts

Skill      XL: |  1  2  3  4  5  6  7  8  9 |
---------------+----------------------------+-----
Spellcasting   | 4 5 6 7 8 9 11 | 11.8
Conjurations   | 5 6 7 8 9 10 | 10.6
Hexes          | 4 8 9 |  9.2
Dodging        | |  2.4
Stealth        | |  2.4

Action                     |  1- 3 |  4- 6 |  7- 9 || total
---------------------------+-------+-------+-------++-------
  Melee: Unarmed           |    16 |       |       ||    16
         Staff             |       |       |    15 ||    15
         Punch             |       |       |     1 ||     1
         Rapier            |       |       |     1 ||     1
  Throw: Dart              |     3 |       |       ||     3
   Cast: Magic Dart        |   100 |    69 |    28 ||   197
         Searing Ray       |       |    11 |    23 ||    34
         Fulminant Prism   |       |     6 |    55 ||    61
         Iskenderun's Myst |       |     2 |    14 ||    16
  Evoke: Wand              |       |       |     1 ||     1
    Use: Scroll            |       |       |     6 ||     6
         Potion            |       |       |     2 ||     2
 Armour: Robe              |     7 |     5 |    10 ||    22
  Dodge: Dodged            |    28 |     5 |    32 ||    65

Table legend: (Time is in decaauts)
 A = Elapsed time spent in this place.
 B = Non-inter-level travel time spent in this place.
 C = Inter-level travel time spent in this place.
 D = Time resting spent in this place.
 E = Time spent auto-exploring this place.
 F = Levels seen in this place.
 G = Mean time per level.
                   A        B        C        D        E       F      G
               +--------+--------+--------+--------+--------+-----+--------+
         Total |   6138 |   5946 |    192 |   2084 |   2664 |   7 |  876.9 |
       Dungeon |   5961 |   5780 |    181 |   2084 |   2554 |   6 |  993.5 |
        Temple |    176 |    165 |     11 |      0 |    110 |   1 |  176.0 |
               +--------+--------+--------+--------+--------+-----+--------+

Top non-repeatable levels by time:
     D:4: 1981 daAuts
     D:3: 1133 daAuts
     D:6: 922 daAuts
     D:1: 796 daAuts
     D:2: 611 daAuts
     D:5: 516 daAuts
  Temple: 176 daAuts
